 Dungeon Crawl Stone Soup version 0.29-a0-231-g945431f764 (webtiles) character file.

Game seed: 392560720926861846

3943 HotDog the Covered (level 10, -19/61 HPs)
             Began as a Gargoyle Fighter on Mar 1, 2022.
             Was a Priest of the Shining One.
             Killed from afar by Harold (37 damage)
             ... with a bolt of acid
             ... on level 8 of the Dungeon.
             The game lasted 00:14:54 (9433 turns).

HotDog the Covered (Gargoyle Fighter)               Turns: 9433, Time: 00:14:55

Health: -19/61     AC: 18    Str: 22    XL:     10   Next: 21%
Magic:  14/14      EV: 11    Int: 17    God:    the Shining One [***...]
Gold:   436        SH:  5    Dex: 11    Spells: 9/9 levels left

rFire   . . .      SeeInvis .   d - +7 mace of Uskayaw's Condemnation {elec, Int+3}
rCold   + . .      Faith    .   c - +0 buckler
rNeg    + + .      Spirit   .   a - +5 ring mail "Lidiroif" {Int+5}
rPois   ∞          Reflect  .   f - +1 helmet
rElec   +          Harm     .   (no cloak)
rCorr   .          Rampage  .   (no gloves)
Will    .....                   b - +0 pair of boots
Stlth   ..........              (no amulet)
HPRegen 0.20/turn               l - ring of flight
MPRegen 0.14/turn               i - ring of protection from cold

@: corroded, flying, glowing
A: sickness immunity, AC +7, negative energy resistance 1, electricity
resistance, torment resistance 1, petrification resistance
a: Renounce Religion, Divine Shield, Cleansing Flame


You were on level 8 of the Dungeon.
You worshipped the Shining One.
The Shining One was most pleased with you.
You visited 2 branches of the dungeon, and saw 9 of its levels.
You also visited: Ossuary.

You collected 436 gold pieces.

Inventory:

Hand Weapons
 d - the +7 mace of Uskayaw's Condemnation (weapon) {elec, Int+3}
   (You found it on level 5 of the Dungeon)

   It occasionally discharges a powerful burst of electricity upon striking a
   foe.
   Int:       It affects your intelligence (+3).
 r - the +5 battleaxe of Tem Exao {chaos, rF+++ rC+ SInv}
   (You found it on level 3 of the Dungeon)

   Each time it hits an enemy it has a different, random effect.
   rF:        It renders you almost immune to fire.
   rC:        It protects you from cold.
   SInv:      It lets you see invisible.
   The Shining One disapproves of the use of such an item.
Missiles
 t - a throwing net (quivered)
Armour
 a - the +5 ring mail "Lidiroif" (worn) {Int+5}
   (You found it on level 6 of the Dungeon)

   Int:       It affects your intelligence (+5).
 b - a +0 pair of boots (worn)
 c - a +0 buckler (worn)
 f - a +1 helmet (worn)
Jewellery
 i - a ring of protection from cold (right hand)
 l - a ring of flight (left hand)
 y - a ring of positive energy
Wands
 n - a wand of acid (8)
 q - a wand of iceblast (5)
 s - a wand of charming (4)
 D - a wand of polymorph (11)
Scrolls
 e - 3 scrolls of teleportation
 g - 4 scrolls of blinking
 k - 2 scrolls of amnesia
 x - a scroll of fog
 z - 2 scrolls of immolation
 A - a scroll of silence
 C - a scroll of fear
 G - a scroll of identify
 I - a scroll of summoning {unknown}
Potions
 h - a potion of heal wounds
 j - a potion of haste
 m - a potion of attraction
 o - a potion of flight {unknown}
 p - a potion of invisibility {unknown}
 u - a potion of lignification
 v - 2 potions of magic
 w - 2 potions of curing
 B - a potion of mutation {unknown}
 E - a potion of resistance
 F - a potion of degeneration {unknown}
 H - a potion of cancellation {unknown}


   Skills:
 * Level 6.7 Fighting
 * Level 6.0(7.2) Axes
 + Level 6.8(8.0) Maces & Flails
 * Level 6.9 Armour
 * Level 4.1 Dodging
 + Level 4.5 Shields
 * Level 5.4 Invocations


You had 9 spell levels left.
You didn't know any spells.
Your spell library contained the following spells:

 Spells                   Type           Power      Damage    Failure   Level
 Freeze                   Ice            0%         1d3       43%         1
 Dazzling Flash           Conj/Hex       0%         N/A       80%         3
 Frozen Ramparts          Ice            0%         1d2       80%         3
 Gell's Gravitas          Tloc           0%         N/A       80%         3
 Lesser Beckoning         Tloc           0%         N/A       80%         3
 Teleport Other           Tloc           0%         N/A       80%         3
 Hailstorm                Conj/Ice       0%         3d3       99%         4
 Iskenderun's Mystic Bla  Conj/Tloc      0%         2d3       99%         4
 Starburst                Conj/Fire      0%         6d3       100%        6


Dungeon Overview and Level Annotations

Branches:
Dungeon (8/15)             Temple (1/1) D:5         Ossuary (visited)
   Lair: D:8-11

Altars:
Ashenzari
Cheibriados
Dithmenos
Elyvilon
Fedhas
Hepliaklqana
Kikubaaqudgha
Makhleb
Nemelex Xobeh
Okawaru
Sif Muna
Trog
Uskayaw
Vehumet
Wu Jian
Xom
Yredelemnul
Zin
The Shining One

Shops:
D:5 *

Annotations:
D:5 2 runed translucent doors, Ssrathi's ghost, novice NaFE
D:8 Gastronok; Harold


Innate Abilities, Weirdness & Mutations

You are immune to sickness and miasma.
Your stone body is resilient. (AC +7)
You are immune to poison.
You resist negative energy. (rN+)
You are resistant to electric shocks. (rElec)
You are resistant to unholy torment.
You are immune to petrification.


Message History

The bat barely misses you. The bat barely misses you.
The bat barely misses you. You block the bat's attack.
Harold zaps a wand.
The bolt of acid hits the bat!!
The acid corrodes the bat!
The bat dies!
The bat's corpse disappears in a puff of smoke!
The bolt of acid hits you!! The quokka barely misses you.
The quokka bites you but does no damage.
Unknown command.
The quokka barely misses you. The quokka bites you.
The quokka bites you but does no damage.
Found a coppery potion.
Harold says, "My wife will appreciate not having to wash blood out of my clothes anymore."
The quokka bites you but does no damage.
Found a scroll labelled JAGHID PEAFIORAEWU and a potion of heal wounds.
The quokka closely misses you. You block the quokka's attack.
The quokka barely misses you. You block the quokka's attack.
You see here a scroll labelled JAGHID PEAFIORAEWU.
I - a scroll labelled JAGHID PEAFIORAEWU The quokka barely misses you.
Harold fires a harpoon shot at you.
The harpoon shot hits you but does no damage.
Found 6 poisoned darts.
You block the quokka's attack.
Harold zaps a wand.
The bolt of acid hits you!! The acid corrodes you!
Harold fires a harpoon shot at you. The harpoon shot hits you.
* * * LOW HITPOINT WARNING * * *
You are yanked forward by the harpoon shot.
Harold hits you from afar with a +0 trident!!
The Shining One protects you from harm! The quokka barely misses you.
The quokka closely misses you. The quokka closely misses you.
Harold zaps a wand.
The bolt of acid hits you!!!
Ouch! That really hurt!
You die...

#############
.......@....#
....##...##.#########
....##...##.........#
....##..............#
######.......@..@...#
# #
###.......r....#...#
###### +
....................
...... #
......!...........(..
......
##.#.##..........#...
...... #.#.
#..........# ##
###### ... .
.........####.# .....
... . ......... ...
..... ... .........##
... .....


You could see Harold and a quokka (summoned).

Vanquished Creatures
  Joseph (D:8)
  A hornet (D:8)
  4 yaks (D:8)
  A wraith (Ossuary)
  An acid dragon (D:5)
  2 water moccasins (D:7)
  An orc warrior (D:7)
  2 black bears (D:7)
  2 ice beasts (D:5)
  A sky beast (D:8)
  An ogre (D:6)
  2 centaurs
  A kobold brigand (D:7)
  4 bullfrogs
  3 scorpions
  A necrophage (D:6)
  4 killer bees (D:6)
  8 howler monkeys
  5 hounds
  2 jellies
  An orc priest (D:7)
  2 iguanas
  3 orc wizards
  A mummy (Ossuary)
  Robin (D:2)
  4 adders
  A white imp (D:5)
  An ufetubus (D:4)
  2 worms
  10 orcs
  5 ball pythons
  4 bats
  8 endoplasms
  4 giant cockroaches
  9 goblins
  12 hobgoblins
  6 jackals
  6 quokkas
  3 frilled lizards
  3 gnoll skeletons (Ossuary)
  13 kobolds
  6 kobold skeletons (Ossuary)
  16 orc skeletons (Ossuary)
  5 rats
173 creatures vanquished.

Notes
Turn   | Place    | Note
-------+----------+-------------------------------------------
     0 | D:1      | HotDog the Gargoyle Fighter began the quest for the Orb.
     0 | D:1      | Reached XP level 1. HP: 14/14 MP: 1/1
   625 | D:1      | Reached XP level 2. HP: 19/19 MP: 2/2
  1750 | D:2      | Reached XP level 3. HP: 23/23 MP: 3/3
  1894 | D:2      | Noticed Robin
  1921 | D:2      | Killed Robin
  1928 | D:2      | Reached XP level 4. HP: 28/29 MP: 4/4
  2713 | D:3      | Noticed an ogre
  2912 | D:3      | Found a shadowy altar of Dithmenos.
  3048 | D:3      | Found a faded altar of an unknown god.
  3077 | D:3      | Reached skill level 1 in Invocations
  3186 | D:3      | Identified the +5 battleaxe of Tem Exao {chaos, rF+++ rC+
                  | SInv}
  3332 | D:3      | Reached skill level 1 in Dodging
  3773 | D:4      | Noticed a scorpion
  3782 | D:4      | Killed a scorpion
  3783 | D:4      | Reached skill level 1 in Axes
  3783 | D:4      | Reached XP level 5. HP: 19/33 MP: 5/5
  4345 | D:4      | You are sucked into a shaft and drop 1 floor!
  4345 | D:5      | Entered Level 5 of the Dungeon
  4431 | D:5      | Found a basalt altar of Yredelemnul.
  4431 | D:5      | Found a broken altar of Ashenzari.
  4431 | D:5      | Found a sparkling altar of Nemelex Xobeh.
  4449 | D:5      | Found Zin's Purification Station.
  4454 | D:5      | Found a glowing silver altar of Zin.
  4466 | D:5      | Reached XP level 6. HP: 34/38 MP: 6/6
  4543 | D:5      | Found a large runed translucent door.
  4543 | D:5      | Found a large runed translucent door.
  4573 | D:5      | Noticed an acid dragon
  4574 | D:5      | Noticed Ssrathi's ghost (novice NaFE)
  4578 | D:5      | Killed an acid dragon
  4816 | D:5      | Found a staircase to the Ecumenical Temple.
  4859 | Temple   | Entered the Ecumenical Temple
  4966 | Temple   | Became a worshipper of the Shining One
  5040 | D:5      | Noticed an ice beast
  5045 | D:5      | Reached XP level 7. HP: 43/43 MP: 8/8
  5070 | D:5      | Identified the +7 mace of Uskayaw's Condemnation {elec,
                  | Int+3}
  5732 | D:6      | Reached skill level 5 in Armour
  5927 | D:6      | Found a blossoming altar of Fedhas.
  5942 | D:6      | Reached XP level 8. HP: 17/48 MP: 10/10
  6159 | D:6      | Identified the +5 ring mail "Lidiroif" {Int+5}
  6313 | D:6      | Reached skill level 5 in Fighting
  6370 | D:6      | Found a sand-covered staircase.
  6377 | Ossuary  | Entered an ossuary
  6377 | Ossuary  | Noticed a wraith
  6377 | Ossuary  | Noticed a wraith
  6377 | Ossuary  | Noticed a wraith
  6619 | Ossuary  | Reached * piety under the Shining One
  6927 | Ossuary  | Noticed a wraith
  6947 | Ossuary  | Killed a wraith
  6948 | Ossuary  | Reached skill level 5 in Axes
  6992 | Ossuary  | Reached ** piety under the Shining One
  7565 | D:7      | Reached XP level 9. HP: 54/54 MP: 12/12
  7755 | D:7      | Reached skill level 5 in Maces & Flails
  7832 | D:7      | Found a snail-covered altar of Cheibriados.
  8416 | D:7      | Reached *** piety under the Shining One
  8827 | D:8      | Reached skill level 5 in Invocations
  9086 | D:8      | Noticed Joseph
  9099 | D:8      | Killed Joseph
  9100 | D:8      | Reached XP level 10. HP: 48/61 MP: 13/13
  9241 | D:8      | Noticed Gastronok
  9379 | D:8      | Noticed Harold
  9431 | D:8      | The Shining One protects you from harm!
  9433 | D:8      | Killed from afar by Harold

Illustrated notes

Levels and vault maps discovered:
D:1:      ncdulo_wetmaze, layout_basic
D:2:      layout_basic, serial_bayou_pond_a, uniq_robin
D:3:      wad_river_or_something, layout_basic, mainiacjoe_overflow_24_doors,
          hellmonk_ecumenical_altar_lost_god
D:4:      layout_loops_ring
D:5:      layout_basic, zin_purify, gammafunk_temple_overflow_forgotten,
          minmay_temple_entry_hall, ebering_ghost_disaster_area, serial_rivers,
          chequers_serial_rivers_room_b, chequers_serial_rivers_micro_e,
          chequers_serial_rivers_micro_a, chequers_serial_rivers_small_3
D:6:      layout_rooms, mainiacjoe_overflow_concentric_impassable,
          enter_ossuary_2, minmay_crystal_room, kennysheep_potato
D:7:      layout_loops_cross, nicolae_overflow_hidden_temple
D:8:      cheibrodos_histonic, layout_basic, uniq_harold, uniq_gastronok,
          uniq_joseph
Temple:   chequers_temple_sunken

Skill      XL: |  1  2  3  4  5  6  7  8  9 10 |
---------------+-------------------------------+-----
Invocations    | 1 3 4 5 |  5.4
Dodging        | 1 2 3 4 |  4.1
Armour         | 4 5 6 |  6.9
Axes           | 1 2 3 4 5 6 |  6.0
Fighting       | 4 5 6 |  6.7
Maces & Flails | 3 4 6 |  6.8
Shields        | 4 |  4.5

Action                   |  1- 3 |  4- 6 |  7- 9 | 10-12 || total
-------------------------+-------+-------+-------+-------++-------
Melee: Flail             |   107 |    65 |    21 |       ||   193
       Battleaxe         |       |    77 |       |       ||    77
       Mace              |       |       |   229 |    24 ||   253
  Use: Scroll            |     2 |     3 |     8 |       ||    13
       Potion            |       |     2 |     3 |       ||     5
Armor: Scale mail        |    69 |   107 |    62 |       ||   238
       Ring mail         |       |       |    95 |    18 ||   113
Dodge: Dodged            |    50 |   101 |   134 |    37 ||   322
Block: Buckler           |    13 |    19 |    54 |    19 ||   105

Table legend: (Time is in decaauts)
 A = Elapsed time spent in this place.
 B = Non-inter-level travel time spent in this place.
 C = Inter-level travel time spent in this place.
 D = Time resting spent in this place.
 E = Time spent auto-exploring this place.
 F = Levels seen in this place.
 G = Mean time per level.
                   A        B        C        D        E       F      G
               +--------+--------+--------+--------+--------+-----+--------+
         Total |   9578 |   9259 |    319 |   2198 |   5276 |  10 |  957.8 |
       Dungeon |   8765 |   8446 |    319 |   1718 |   5083 |   8 | 1095.6 |
        Temple |    125 |    125 |      0 |      0 |     94 |   1 |  125.0 |
       Ossuary |    687 |    687 |      0 |    480 |     98 |   1 |  687.0 |
               +--------+--------+--------+--------+--------+-----+--------+

Top non-repeatable levels by time:
     D:1: 1743 daAuts
     D:5: 1259 daAuts
     D:7: 1196 daAuts
     D:6: 1105 daAuts
     D:3: 1101 daAuts
     D:2: 988 daAuts
     D:8: 772 daAuts
 Ossuary: 687 daAuts
     D:4: 597 daAuts
  Temple: 125 daAuts
